[Event "*** Titled Tuesday Blitz"]
[Site "Chess.com"]
[Date "2020.03.03"]
[Round "2"]
[White "Art_Vandelay1980"]
[Black "korbul"]
[Result "0-1"]
[WhiteElo "2783"]
[BlackElo "2555"]
[TimeControl "180+1"]
[EndTime "9:16:35 PST"]
[Termination "korbul won by resignation"]

1. e4 c5 2. c3 Nf6 3. e5 Nd5 4. Nf3 e6 5. Bc4 d6 6. d4 cxd4 7. cxd4 Nc6 8. O-O Be7 9. exd6 Qxd6 10. Nc3 Nxc3 11. bxc3 O-O 12. Re1 b6 13. Ng5 Bxg5 14. Bxg5 Bb7 15. Qg4 Ne7 16. Bxe6 fxe6 17. Rxe6 Qd7 18. Bxe7 Rfe8 19. Rae1 Bd5 20. Qf5 Rxe7 0-1

[Event "*** Titled Tuesday Blitz"]
[Site "Chess.com"]
[Date "2020.03.03"]
[Round "2"]
[White "Vyacheslav_N"]
[Black "monstertube"]
[Result "1-0"]
[WhiteElo "2476"]
[BlackElo "2129"]
[TimeControl "180+1"]
[EndTime "9:16:38 PST"]
[Termination "Vyacheslav_N won on time"]

1. e4 e5 2. Nc3 Nf6 3. f4 d5 4. fxe5 Nxe4 5. Qf3 Nxc3 6. dxc3 Be7 7. Bf4 O-O 8. O-O-O c6 9. c4 Be6 10. cxd5 cxd5 11.
Bc4 Qa5 12. Bxd5 Bxd5 13. Qxd5 Qb4 14. Ne2 Nc6 15. Qb3 Qa5 16. e6 fxe6 17. Qxe6+ Kh8 18. Rhf1 Bf6 19. Qb3 Rac8 20. c3 b5 21. Kb1 b4 22.
c4 Qb6 23. Qc2 1-0

[Event "*** Titled Tuesday Blitz"]
[Site "Chess.com"]
[Date "2020.03.03"]
[Round "2"]
[White "Abdimalik_Abdisalimov"]
[Black "albi1999"]
[Result "1-0"]
[WhiteElo "2804"]
[BlackElo "2572"]
[TimeControl "180+1"]
[EndTime "9:16:43 PST"]
[Termination "Abdimalik_Abdisalimov won by resignation"]

1. Nf3 d5 2. d4 Nf6 3. c4 e6 4. g3 Bb4+ 5. Bd2 Bd6 6. Bg2 c6 7. Qc2 Nbd7 8. O-O O-O 9. Rd1 Ne4 10. Nc3 f5 11. e3 Ndf6 12. Rab1 Rb8 13. b4 b5 14. c5 Bc7 15. a4 a6 16. Be1 Bd7 17.
Ne2 g5 18. Ra1 Rb7 19. Ra3 Be8 20. Ne5 g4 21. Nf4 Qe7 22. axb5 axb5 23. Ra6 Bxe5 24. dxe5 Nd7 25. Rxc6 Bf7 26. Bc3 Ra8 27. Bb2 Ra4 28.
Qb3 Qe8 29. Rd6 Nxd6 30. exd6 Nb8 31. Qc3 e5 32. Nxd5 1-0

[Event "*** Titled Tuesday Blitz"]
[Site "Chess.com"]
[Date "2020.03.03"]
[Round "2"]
[White "lasayon"]
[Black "Angry_Twin"]
[Result "1-0"]
[WhiteElo "2637"]
[BlackElo "2862"]
[TimeControl "180+1"]
[EndTime "9:16:45 PST"]
[Termination "lasayon won by resignation"]

1. d4 Nf6 2. c4 e6 3. Nf3 d5 4. g3 Bb4+ 5. Bd2 Be7 6. Bg2 O-O 7. O-O Nbd7 8. Qc2 c6 9. Bf4 b6 10. Nbd2 Ba6 11. b3 Nh5 12. Ne5 Rc8 13. Rfd1 Nxf4 14. gxf4 c5 15. dxc5 Bxc5 16. Ndf3 Nf6 17. Qb2 Qe7 18.
Nd4 1-0

[Event "*** Titled Tuesday Blitz"]
[Site "Chess.com"]
[Date "2020.03.03"]
[Round "2"]
[White "Grieve72"]
[Black "Quiet_Desperation"]
[Result "0-1"]
[WhiteElo "2410"]
[BlackElo "2051"]
[TimeControl "180+1"]
[EndTime "9:16:45 PST"]
[Termination "Quiet_Desperation won by checkmate"]

1. d4 Nf6 2. Bg5 e6 3. Nd2 d5 4. e3 Be7 5. Bd3 O-O 6. Ngf3 c5 7. c3 b6 8. Qa4 c4 9. Bb1 Bd7 10. Qc2 g6 11. Ne5 Nc6 12. h4 Nxe5 13. dxe5 Ng4 14. Nf3 f6 15. exf6 Bxf6 16. h5 Bxg5 17. hxg6 h6 18.
g7 Rf5 19. Nd4 Nxf2 20. Nxf5 Nd3+ 21. Ke2 exf5 22. Qd1 f4 23. Kf1 fxe3 24. Bxd3 cxd3 25. Qxd3 Qf6+ 26. Kg1 Qf2+ 27. Kh2 Bf4# 0-1

[Event "*** Titled Tuesday Blitz"]
[Site "Chess.com"]
[Date "2020.03.03"]
[Round "2"]
[White "aridannie"]
[Black "earling8018"]
[Result "1-0"]
[WhiteElo "2424"]
[BlackElo "2010"]
[TimeControl "180+1"]
[EndTime "9:16:49 PST"]
[Termination "aridannie won by resignation"]

1. e4 e5 2. Nf3 Nc6 3. d4 exd4 4. Nxd4 Nf6 5. Nxc6 bxc6 6. e5 Qe7 7. Qe2 Nd5 8. c4 Ba6 9. Nd2 Nb6 10. b3 d6 11. Bb2 O-O-O 12. O-O-O Qe6 13. exd6 Qxe2 14. Bxe2 cxd6 15. Bg4+ Kc7 16. Rhe1 h5 17. Bh3 Rh6 18. Ne4 Nd7 19. Ng5 Rg6 20. Nxf7 Rb8 21. g3 Nf6 22. Bf5 1-0

[Event "*** Titled Tuesday Blitz"]
[Site "Chess.com"]
[Date "2020.03.03"]
[Round "2"]
[White "Jospem"]
[Black "Berardino"]
[Result "1-0"]
[WhiteElo "2917"]
[BlackElo "2638"]
[TimeControl "180+1"]
[EndTime "9:16:51 PST"]
[Termination "Jospem won by resignation"]

1. c4 e6 2. g3 d5 3. Nf3 Nf6 4.
Bg2 Be7 5. O-O O-O 6. b3 b6 7. Bb2 Bb7 8. e3 c5 9. Qe2 dxc4 10. bxc4 Nc6 11. d3 a6 12. Nc3 Qc7 13. Ne1 Na7 14. a4 Bxg2 15. Nxg2 Nc6 16. g4 Rfd8 17.
Rad1 Nb4 18. g5 Nd7 19. f4 Qc6 20. h4 Ra7 21. h5 Nf8 22. h6 g6 23. Ba1 Rad7 24.
Ne4 Nxd3 25. Nf6+ Bxf6 26. Bxf6 Qe4 27. Bxd8 Rxd8 28. Ne1 1-0

[Event "*** Titled Tuesday Blitz"]
[Site "Chess.com"]
[Date "2020.03.03"]
[Round "2"]
[White "SantoBlue"]
[Black "MishkaFighter"]
[Result "1-0"]
[WhiteElo "2750"]
[BlackElo "2463"]
[TimeControl "180+1"]
[EndTime "9:16:55 PST"]
[Termination "SantoBlue won by resignation"]

1. e4 c5 2. Nf3 e6 3. d4 cxd4 4. Nxd4 Nc6 5. Nc3 Qc7 6. g3 a6 7. Bg2 Nf6 8. O-O Nxd4 9. Qxd4 Bc5 10. Qd1 d6 11. Bf4 h6 12. Na4 e5 13. Bd2 b5 14. Nxc5 dxc5 15. f4 Bb7 16. Bc3 Rd8 17. Qe1 Nd7 18. fxe5 Nxe5 19. Ba5 Qe7 20. Bxd8 Qxd8 21.
Qc3 Qe7 22. Rf5 f6 23. Rf2 O-O 24. h3 c4 25. Rd1 Qc5 26. a3 Re8 27. Qd4 Qc7 28.
Rfd2 Ng6 29. Kh2 h5 30. Qd6 Qf7 31. Qc5 Bxe4 32. Bxe4 Rxe4 33. Rd8+ Nf8 34. Rxf8+ Kh7 35. Rxf7 1-0

[Event "*** Titled Tuesday Blitz"]
[Site "Chess.com"]
[Date "2020.03.03"]
[Round "2"]
[White "Sven_Tica"]
[Black "Andrew-FB00"]
[Result "1-0"]
[WhiteElo "2681"]
[BlackElo "1871"]
[TimeControl "180+1"]
[EndTime "9:17:02 PST"]
[Termination "Sven_Tica won by resignation"]

1. d4 Nf6 2. c4 e6 3. g3 d5 4. Bg2 Be7 5. Nf3 O-O 6. Nc3 b6 7. O-O Bb7 8. Ne5 Nbd7 9. Qa4 Nxe5 10. dxe5 Ne4 11. Nxe4 dxe4 12. Rd1 Qe8 13. Qc2 Rd8 14. Rxd8 Qxd8 15. Be3 f5 16. exf6 Bxf6 17. Rd1 Qe7 18.
b3 c5 19. Bxe4 Bxe4 20. Qxe4 g6 21. Qc6 Rf7 22. Bh6 Bg7 23. Bxg7 Kxg7 24. Kg2 Qf6 25. f3 Qe5 26. Rd2 Qg5 27. Qd6 Qf6 28. Qd8 Qc3 29. Rd7 Qe1 30. Rxf7+ Kxf7 31. Qd7+ Kf6 32. Qd8+ Kf7 33.
Qd3 Qa5 34. a4 Qa6 35. Qd7+ Kf6 36. Qxh7 Qc8 37. Qh4+ Kf7 38. Qh7+ Kf6 39. Qxa7 Qd8 40. Qh7 Qd2 41. Qh4+ Kf7 42. Qe4 Qc3 43. Qd3 1-0

[Event "*** Titled Tuesday Blitz"]
[Site "Chess.com"]
[Date "2020.03.03"]
[Round "2"]
[White "Thunderbolt1909"]
[Black "VerdeNotte"]
[Result "0-1"]
[WhiteElo "2376"]
[BlackElo "2793"]
[TimeControl "180+1"]
[EndTime "9:17:10 PST"]
[Termination "VerdeNotte won by resignation"]

1. d4 Nf6 2. c4 c5 3. d5 g6 4. Nc3 Bg7 5. e4 O-O 6. Be2 e6 7. Nf3 d6 8. Be3 exd5 9. cxd5 Ng4 10. Bg5 Qa5 11. O-O Re8 12. Nd2 Ne5 13. f4 f6 14.
fxe5 fxg5 15. Nc4 Qd8 16. Nxd6 Rxe5 17. Nf7 Qe8 18. Nxe5 Bxe5 19. Bg4 Na6 20. Bxc8 Rxc8 21. Qg4 h6 22. Rf3 Rc7 23. Raf1 Bg7 24. Qe6+ Qxe6 25.
dxe6 Re7 26. Rf7 Rxe6 27. Rxb7 c4 28. Rxa7 Bd4+ 29. Kh1 Bxa7 30. Nd5 Bd4 31. Rc1 Rxe4 0-1

[Event "*** Titled Tuesday Blitz"]
[Site "Chess.com"]
[Date "2020.03.03"]
[Round "2"]
[White "Alexander_Zubov"]
[Black "StockholmMissile"]
[Result "1-0"]
[WhiteElo "2903"]
[BlackElo "2393"]
[TimeControl "180+1"]
[EndTime "9:17:11 PST"]
[Termination "Alexander_Zubov won by resignation"]

1. d4 d5 2. c4 c6 3. Nf3 Nf6 4.
Qb3 dxc4 5. Qxc4 Bg4 6. Nbd2 Nbd7 7. g3 e6 8. Bg2 Be7 9. Qb3 Qb6 10. Nc4 Qxb3 11.
axb3 O-O 12. O-O Bf5 13. Na5 Nd5 14. Nxb7 Rfb8 15. Na5 Rc8 16. Bd2 Be4 17. Rfc1 c5 18. Ne5 Bxg2 19. Nxd7 Be4 20. Nxc5 Bxc5 21. dxc5 h5 22.
f3 Bg6 23. e4 Ne7 24. b4 f5 25.
exf5 Bxf5 26. Kf2 Nd5 27. c6 Rab8 28. Nb7 Ne7 29. b5 Bd3 30. Nd6 Rc7 31. Ba5 Rxc6 32. bxc6 Rxb2+ 33. Kg1 1-0

[Event "*** Titled Tuesday Blitz"]
[Site "Chess.com"]
[Date "2020.03.03"]
[Round "2"]
[White "Sunnika"]
[Black "Sibelephant"]
[Result "0-1"]
[WhiteElo "2398"]
[BlackElo "3046"]
[TimeControl "180+1"]
[EndTime "9:17:13 PST"]
[Termination "Sibelephant won by resignation"]

1. d4 Nf6 2. c4 g6 3. g3 Bg7 4.
Bg2 d5 5. cxd5 Nxd5 6. Nf3 Nb6 7. O-O Nc6 8. e3 O-O 9. Nc3 Re8 10. b3 e5 11. dxe5 Nxe5 12. Nxe5 Bxe5 13. Bb2 c6 14. Qxd8 Rxd8 15. Rfd1 Be6 16. Rxd8+ Rxd8 17. Rd1 Rxd1+ 18. Nxd1 Bxb2 19. Nxb2 Kf8 20. Kf1 Ke7 21. Ke2 Kd6 22. Kd2 a5 23. e4 Nd7 24. f4 f6 25. Nd3 b5 26. e5+ fxe5 27. fxe5+ Nxe5 28. Nxe5 Kxe5 29. Bxc6 b4 30. Ke3 Bf5 31. Kd2 Kd4 32. Ba4 g5 33.
Bc6 h6 34. Ba4 Bb1 35. Kc1 Bg6 36. Kd2 Bf5 37. Bc6 Bb1 38. Kc1 Be4 39. Kd2 Bxc6 0-1

[Event "*** Titled Tuesday Blitz"]
[Site "Chess.com"]
[Date "2020.03.03"]
[Round "2"]
[White "chris_rock_comic"]
[Black "MiroVlasenko"]
[Result "1-0"]
[WhiteElo "2885"]
[BlackElo "2628"]
[TimeControl "180+1"]
[EndTime "9:17:19 PST"]
[Termination "chris_rock_comic won by resignation"]

1. Nf3 f5 2. d3 d6 3. e4 e5 4. Nc3 c5 5. g3 Nf6 6. Bg2 Nc6 7. Bg5 Be7 8. Nh4 fxe4 9. dxe4 Nd4 10.
Nf5 Nxf5 11. exf5 O-O 12. Bxf6 Bxf6 13. Be4 Kh8 14. Nd5 Bd7 15. h4 Bc6 16. O-O Qd7 17. Qd3 Qf7 18. Rad1 Rad8 19. c4 Qh5 20. Nc7 Bxh4 21.
Ne6 Be7 22. Nxd8 Rxd8 23. Bxc6 bxc6 24. Qe4 Rc8 25. Kg2 h6 26. f6 gxf6 27. Rh1 Qg5 28.
Rxh6+ Qxh6 29. Rh1 Qxh1+ 30. Kxh1 1-0

[Event "*** Titled Tuesday Blitz"]
[Site "Chess.com"]
[Date "2020.03.03"]
[Round "2"]
[White "Gordima"]
[Black "Sordis"]
[Result "1-0"]
[WhiteElo "2752"]
[BlackElo "2375"]
[TimeControl "180+1"]
[EndTime "9:17:20 PST"]
[Termination "Gordima won by resignation"]

1. d4 Nf6 2. c4 g6 3. Nc3 Bg7 4. e4 d6 5. h3 O-O 6. Be3 e5 7. d5 a5 8. g4 Na6 9. Nge2 Nc5 10. Ng3 Nfd7 11. h4 Qe7 12. h5 Nb6 13. Be2 Bd7 14. Qd2 Nba4 15. Nd1 c6 16. f3 cxd5 17. cxd5 b5 18.
Nf2 Nb6 19. b3 a4 20. b4 Nb3 21. axb3 axb3 22. Rxa8 Rxa8 23. Bxb6 Ra2 24. Qc3 Bh6 25.
Be3 Bxe3 26. Qxe3 b2 27. O-O Qh4 28. Kg2 Ra1 29. Qb3 gxh5 30. Qxb2 Rxf1 31. Nxf1 hxg4 32.
fxg4 h5 33. Qc3 hxg4 34. Qg3 Qh7 35. Bxg4 1-0

[Event "*** Titled Tuesday Blitz"]
[Site "Chess.com"]
[Date "2020.03.03"]
[Round "2"]
[White "HrvojeZagreb"]
[Black "lestri"]
[Result "0-1"]
[WhiteElo "2196"]
[BlackElo "2494"]
[TimeControl "180+1"]
[EndTime "9:17:20 PST"]
[Termination "lestri won by resignation"]

1. d4 d6 2. e4 Nf6 3. Nc3 e5 4. Nf3 Nbd7 5. Bc4 Be7 6. a4 O-O 7. O-O c6 8. h3 a5 9. Ba2 exd4 10.
Qxd4 Nc5 11. Be3 Be6 12. Rfd1 Bxa2 13. Rxa2 Re8 14. e5 dxe5 15. Qxe5 Ncd7 16. Qf5 Bb4 17.
Bg5 Qe7 18. Raa1 h6 19. Bh4 Qc5 20. Qxc5 Bxc5 21. Rd3 g5 22. Bg3 Nb6 23. Rad1 Nbd5 24. Nxd5 Nxd5 25. c4 Nf6 26. Be5 Ne4 27. Bd4 Rad8 28.
Bxc5 Rxd3 29. Rxd3 Nxc5 30. Rd4 Re2 31. Rd2 Rxd2 32.
Nxd2 Nxa4 33. b3 Nc5 34. f4 f5 35. fxg5 hxg5 36. Kf2 Kf7 37. Ke3 Ke6 38. Kd4 Kd6 39. g3 b5 40. h4 f4 41. hxg5 fxg3 42. g6 g2 43. Ke3 g1=Q+ 0-1

[Event "*** Titled Tuesday Blitz"]
[Site "Chess.com"]
[Date "2020.03.03"]
[Round "2"]
[White "HouseOfDurin"]
[Black "SONOFHOLYGOD"]
[Result "1-0"]
[WhiteElo "2128"]
[BlackElo "2566"]
[TimeControl "180+1"]
[EndTime "9:17:26 PST"]
[Termination "HouseOfDurin won by resignation"]

1. d4 Nf6 2. Bg5 Ne4 3. h4 c5 4. dxc5 Qa5+ 5. Nd2 Nxd2 6. Qxd2 Qxc5 7. c3 Nc6 8. e4 d6 9. Be3 Qa5 10. b4 Qc7 11. f3 Be6 12. Ne2 Rc8 13. Nd4 Nxd4 14. cxd4 Bc4 15. Bxc4 Qxc4 16. Rc1 Qe6 17. d5 Qd7 18.
Rxc8+ Qxc8 19. Bxa7 e5 20. O-O Be7 21. Rc1 Qa8 22. Bf2 O-O 23. Rc7 Re8 24. Qc2 Bf6 25. a4 b6 26. Bxb6 Bxh4 27. a5 h5 28. Qc6 Qb8 29.
Qxd6 Re7 30. Qc6 Re8 31. d6 Qd8 32. d7 Re6 33. Qxe6 fxe6 34. Rc8 1-0

[Event "*** Titled Tuesday Blitz"]
[Site "Chess.com"]
[Date "2020.03.03"]
[Round "2"]
[White "Funkmaus"]
[Black "FMPowerwolf"]
[Result "0-1"]
[WhiteElo "2219"]
[BlackElo "2501"]
[TimeControl "180+1"]
[EndTime "9:17:31 PST"]
[Termination "FMPowerwolf won by resignation"]

1. d4 d5 2. c4 dxc4 3. e3 Nf6 4.
Bxc4 e6 5. Nc3 a6 6. Nf3 b5 7. Be2 Bb7 8. O-O Nbd7 9. b3 c5 10. Bb2 Bd6 11. dxc5 Nxc5 12. Nd4 O-O 13. Bf3 b4 14.
Nce2 Qc7 15. Ng3 Rfd8 16. Rc1 Rac8 17. Bxb7 Qxb7 18. Qe2 Bf8 19. Rfd1 a5 20. Nh5 Nxh5 21. Qxh5 a4 22. Qg4 axb3 23. axb3 g6 24. Qg5 Ne4 25. Qe5 Bg7 26. Qa5 Ra8 27. Qc7 Qxc7 28. Rxc7 e5 29. f3 Ng5 30. h4 Ne6 31. Nxe6 Rxd1+ 32. Kh2 fxe6 0-1

[Event "*** Titled Tuesday Blitz"]
[Site "Chess.com"]
[Date "2020.03.03"]
[Round "2"]
[White "ChelsieMonica"]
[Black "PotapovaM"]
[Result "1-0"]
[WhiteElo "2143"]
[BlackElo "2561"]
[TimeControl "180+1"]
[EndTime "9:17:34 PST"]
[Termination "ChelsieMonica won by resignation"]

1. c4 Nf6 2. Nf3 e6 3. e3 b6 4.
d4 Bb7 5. Be2 g6 6. O-O Bg7 7. Nc3 O-O 8. b4 d6 9. a4 a5 10. b5 c6 11. Rb1 cxb5 12. Nxb5 Be4 13. Bd3 Nc6 14. Ba3 Nb4 15. Bxb4 axb4 16. Rxb4 Bc6 17.
Re1 Ne4 18. Bxe4 Bxe4 19. Nd2 Bc6 20. Nb1 Bf6 21. N1c3 Be7 22. Rb2 Ra5 23. h3 Qa8 24.
f4 h5 25. Kh2 h4 26. Qg4 Kg7 27. e4 Qb7 28. f5 Raa8 29. Rf1 exf5 30. exf5 Bd7 31. Nd5 Bd8 32. Nxd6 Qb8 33. Qf4 Rxa4 34. f6+ Kg8 35. c5 Bc7 36. Nxc7 Qxc7 37. Qh6 1-0

[Event "*** Titled Tuesday Blitz"]
[Site "Chess.com"]
[Date "2020.03.03"]
[Round "2"]
[White "floplover"]
[Black "ALeks_Ivlev"]
[Result "1-0"]
[WhiteElo "2302"]
[BlackElo "2552"]
[TimeControl "180+1"]
[EndTime "9:17:35 PST"]
[Termination "floplover won by resignation"]

1. d4 Nf6 2. c4 e6 3. Nc3 Bb4 4.
Qc2 c5 5. dxc5 Na6 6. a3 Bxc5 7. b4 Be7 8. Nf3 O-O 9. Bb2 Nc7 10.
Rd1 d5 11. e3 Bd7 12. Bd3 Rc8 13. c5 b6 14. cxb6 axb6 15. g4 Nb5 16. g5 Ne4 17. Bxe4 dxe4 18. Ne5 Nxc3 19. Rxd7 Nd5 20. Qxe4 Qe8 21.
h4 Rd8 22. Rxd8 Bxd8 23. O-O Qa4 24. Qd4 f6 25. gxf6 Bxf6 26. Qg4 Qb3 27. Qxe6+ Kh8 28.
Nf7+ Rxf7 29. Qxf7 h6 30. Bxf6 gxf6 31. Kh1 Qd3 32.
Rg1 Qe4+ 33. Rg2 Qb1+ 34. Kh2 1-0

[Event "*** Titled Tuesday Blitz"]
[Site "Chess.com"]
[Date "2020.03.03"]
[Round "2"]
[White "DiamondCrusher22"]
[Black "NiranjanNavalgund"]
[Result "0-1"]
[WhiteElo "2036"]
[BlackElo "2432"]
[TimeControl "180+1"]
[EndTime "9:17:35 PST"]
[Termination "NiranjanNavalgund won on time"]

1. e4 e5 2. Nf3 Nc6 3. Bb5 g6 4. c3 a6 5. Ba4 Bg7 6. O-O b5 7. Bb3 d6 8. d4 exd4 9. Nxd4 Nxd4 10. cxd4 Nf6 11. e5 dxe5 12. Qf3 e4 13. Qg3 O-O 14.
Nc3 Nh5 15. Qe3 Qxd4 16. Qxd4 Bxd4 17. Nxe4 Bb7 18. Rd1 Rad8 19. Nc3 Kg7 20. Bg5 Bf6 21. Be3 Be5 22. Bc5 Rfe8 23. Rxd8 Rxd8 24. Re1 Bd6 25. Bd4+ Kf8 26. g4 Nf4 27. Bf6 Nh3+ 28. Kf1 Rd7 29. Nd5 Bxh2 30. Re3 Nf4 31. Nxf4 Bxf4 32. Rh3 h6 33. g5 Bxg5 34. Bxg5 hxg5 35. Rg3 f6 36. f4 c5 37. fxg5 f5 0-1

[Event "*** Titled Tuesday Blitz"]
[Site "Chess.com"]
[Date "2020.03.03"]
[Round "2"]
[White "alishersuleymenov"]
[Black "Willychess95"]
[Result "1-0"]
[WhiteElo "2769"]
[BlackElo "2551"]
[TimeControl "180+1"]
[EndTime "9:17:39 PST"]
[Termination "alishersuleymenov won by resignation"]

1. d4 Nf6 2. Bf4 e6 3. e3 d5 4. Nf3 c5 5. c3 Nc6 6. Nbd2 Bd6 7. Bg3 O-O 8. Bd3 b6 9. Qe2 Bb7 10. Rd1 Qc7 11. e4 dxe4 12. Nxe4 Nxe4 13. Qxe4 g6 14. dxc5 Bxg3 15. hxg3 bxc5 16. Qh4 f5 17. Bc4 Rae8 18. Ng5 Na5 19. Bxe6+ Rxe6+ 20. Nxe6 Re8 21. Kf1 Qf7 22. Ng5 Qe7 23. Qxh7+ Qxh7 24. Rxh7 Nc4 25. Rxb7 1-0

[Event "*** Titled Tuesday Blitz"]
[Site "Chess.com"]
[Date "2020.03.03"]
[Round "2"]
[White "inegrepus"]
[Black "Dino_Ballecer"]
[Result "0-1"]
[WhiteElo "2240"]
[BlackElo "2509"]
[TimeControl "180+1"]
[EndTime "9:17:39 PST"]
[Termination "Dino_Ballecer won on time"]

1. d4 c5 2. d5 Nf6 3. c4 e6 4. Nc3 exd5 5. cxd5 d6 6. g3 g6 7. Bg2 Bg7 8. Nf3 O-O 9. O-O Re8 10. Bf4 a6 11. a4 Nh5 12. Bg5 Bf6 13. Bxf6 Nxf6 14. Re1 Kg7 15. e4 Nbd7 16. Nd2 Rb8 17. Nc4 Ne5 18.
Nxe5 Rxe5 19. f4 Re8 20. e5 dxe5 21. fxe5 Ng4 22. e6 Nf6 23. exf7 Rxe1+ 24. Qxe1 Kxf7 25. Qe5 Bf5 26. Rf1 Qe8 27. Qc7+ Kg8 28. d6 b5 29. Nd5 Nxd5 30. Bxd5+ Kh8 31. Qxc5 Qe5 32. Qc3 Qxc3 33. bxc3 bxa4 34. Bc6 a3 35. d7 a2 36. Re1 Bxd7 0-1

[Event "*** Titled Tuesday Blitz"]
[Site "Chess.com"]
[Date "2020.03.03"]
[Round "2"]
[White "ckgchess"]
[Black "Oleksandr_Bortnyk"]
[Result "1-0"]
[WhiteElo "2681"]
[BlackElo "2957"]
[TimeControl "180+1"]
[EndTime "9:17:41 PST"]
[Termination "ckgchess won on time"]

1. e4 Nf6 2. e5 Nd5 3. d4 d6 4. c4 Nb6 5. f4 dxe5 6. fxe5 Nc6 7. Be3 Bf5 8. Nc3 e6 9. Nf3 Bb4 10. Be2 Na5 11. c5 Nd5 12. Bd2 Bxc3 13. bxc3 c6 14.
O-O O-O 15. c4 Ne7 16. Qe1 b6 17. cxb6 axb6 18. Qg3 Bg6 19. Bc3 Qd7 20. Rfe1 b5 21. cxb5 cxb5 22. Bb4 Nf5 23. Qf2 Rfc8 24. Rec1 Nc4 25. a4 Nfe3 26. Bc5 Nc2 27. Ra2 N2e3 28. Bxc4 Nxc4 29. axb5 Qxb5 30. Rxa8 Rxa8 31. Qf1 Qb2 32.
Rxc4 Ra2 33. Rb4 1-0

[Event "*** Titled Tuesday Blitz"]
[Site "Chess.com"]
[Date "2020.03.03"]
[Round "2"]
[White "bgfbfbgfbgfgf"]
[Black "GadimbayliA"]
[Result "0-1"]
[WhiteElo "2638"]
[BlackElo "2920"]
[TimeControl "180+1"]
[EndTime "9:17:41 PST"]
[Termination "GadimbayliA won by resignation"]

1. e4 e5 2. Nf3 Nf6 3. Nc3 Bb4 4.
Bc4 O-O 5. O-O Nc6 6. d3 d6 7. a3 Bxc3 8. bxc3 Be6 9. Ba2 Bxa2 10. Rxa2 d5 11. exd5 Nxd5 12. Bb2 Re8 13. Re1 Qd6 14. c4 Nf4 15. Ra1 Rad8 16. Rb1 e4 17.
dxe4 Qg6 18. Nh4 Rxd1 19. Nxg6 Rxe1+ 20. Rxe1 hxg6 21. g3 Ne6 22. h4 Ned4 23. Kg2 Nxc2 24. Rd1 Rd8 25. Rc1 N2d4 26. Rb1 b6 27. Rh1 Ne6 28.
h5 gxh5 29. Rxh5 Rd2 30. Ba1 Ra2 31. Bc3 Rxa3 32. Bd2 Rd3 33. Be3 a5 34. Rd5 Nb4 35.
Rb5 Nd4 36. Re5 Ne6 37. Rb5 Rxe3 38. fxe3 Nc5 39. Kf3 Kf8 40. Kf4 Ke7 41. g4 Ke6 42.
g5 g6 0-1

[Event "*** Titled Tuesday Blitz"]
[Site "Chess.com"]
[Date "2020.03.03"]
[Round "2"]
[White "afgano29"]
[Black "almaguerjm"]
[Result "1-0"]
[WhiteElo "2715"]
[BlackElo "2340"]
[TimeControl "180+1"]
[EndTime "9:17:42 PST"]
[Termination "afgano29 won by resignation"]

1. d4 Nf6 2. c4 d6 3. Nf3 Nbd7 4. Nc3 g6 5. e4 Bg7 6. Be2 O-O 7. O-O e5 8. Be3 Ng4 9. Bg5 f6 10. Bh4 g5 11. Bg3 Nh6 12. d5 f5 13. exf5 Nxf5 14.
Ne4 h6 15. Bd3 Rf7 16. Qc2 Nf8 17. c5 g4 18. Nfd2 Nd4 19. Qc3 h5 20. f3 h4 21.
Be1 h3 22. fxg4 Rxf1+ 23. Bxf1 hxg2 24. Kxg2 Bxg4 25. Qg3 Be2 26. Bf2 Bh5 27. cxd6 cxd6 28. Bd3 Nh7 29. Rg1 Nf6 30. Kh1 Qe7 31. Qxg7+ Qxg7 32. Nxf6+ Kf7 33. Rxg7+ Kxg7 34. Nxh5+ Kh6 35. Bxd4 1-0

[Event "*** Titled Tuesday Blitz"]
[Site "Chess.com"]
[Date "2020.03.03"]
[Round "2"]
[White "Keaton87"]
[Black "ahkashefi2800"]
[Result "0-1"]
[WhiteElo "2668"]
[BlackElo "2107"]
[TimeControl "180+1"]
[EndTime "9:17:42 PST"]
[Termination "ahkashefi2800 won on time"]

1. d4 d5 2. Bg5 h6 3. Bh4 c5 4. dxc5 g5 5. Bg3 Bg7 6. c3 Na6 7. e4 dxe4 8. Qxd8+ Kxd8 9. Bxa6 bxa6 10. Ne2 f5 11. h4 f4 12. Bh2 Nf6 13. Nd2 e5 14.
O-O-O Kc7 15. b4 Bg4 16. f3 Bf5 17. fxe4 Nxe4 18. Rhf1 Rhd8 19. Bg1 Kc6 20. Nc4 Bg4 21. Na5+ Kc7 22. Rxd8 Rxd8 23. Re1 Bxe2 24. Rxe2 Nxc3 25. Re1 Nxa2+ 26. Kb2 Nxb4 27. Kc3 Nc6 28. Nc4 e4+ 29. Kb3 e3 30. g3 Nd4+ 31. Ka4 Nf3 32. Rb1 Rd4 33.
Kb4 Rxc4+ 34. Kxc4 Nd2+ 35. Kd5 Nxb1 36. gxf4 gxf4 37.
Bh2 e2 38. Bxf4+ Kc8 39. Bg3 Bc3 0-1

[Event "*** Titled Tuesday Blitz"]
[Site "Chess.com"]
[Date "2020.03.03"]
[Round "2"]
[White "czasnaszachy"]
[Black "Bykov_Egor"]
[Result "0-1"]
[WhiteElo "2297"]
[BlackElo "2574"]
[TimeControl "180+1"]
[EndTime "9:17:44 PST"]
[Termination "Bykov_Egor won on time"]

1. d4 Nf6 2. c4 e6 3. Nc3 Bb4 4. e3 O-O 5. Ne2 d5 6. a3 Be7 7. cxd5 exd5 8. Nf4 c6 9. Bd3 Re8 10. O-O Bd6 11. Nfe2 Nbd7 12. Ng3 g6 13. f3 Nf8 14. Bc2 Ne6 15. e4 Bxg3 16. hxg3 dxe4 17. fxe4 Qxd4+ 18. Qxd4 Nxd4 19. Rxf6 Nxc2 20. Rb1 Be6 21. Kf2 Kg7 22. Rf3 Nd4 23. Rd3 c5 24. Bf4 Bb3 25.
Rc1 Rad8 26. Be3 b6 27. Bxd4+ Rxd4 28. Rxd4 cxd4 29. Nb5 Rxe4 30. Nxa7 d3 31. Rc3 d2 32.
Rd3 d1=Q 33. Rxd1 Bxd1 34. Nb5 Re2+ 0-1

[Event "*** Titled Tuesday Blitz"]
[Site "Chess.com"]
[Date "2020.03.03"]
[Round "2"]
[White "talman67"]
[Black "shanemelaughcm"]
[Result "1-0"]
[WhiteElo "2539"]
[BlackElo "2276"]
[TimeControl "180+1"]
[EndTime "9:17:45 PST"]
[Termination "talman67 won by resignation"]

1. e4 d6 2. d4 Nf6 3. Nc3 Nbd7 4. Nf3 e5 5. Bc4 Be7 6. O-O c6 7. a4 Qc7 8. h3 h6 9. Be3 Nf8 10. dxe5 dxe5 11. Nh4 Nxe4 12. Nxe4 Bxh4 13. Nd6+ Ke7 14. Nxf7 Be6 15. Bxe6 Nxe6 16. Nxh8 Rxh8 17. Qg4 Bf6 18. Rad1 h5 19. Qe4 Kf7 20. c3 Re8 21. Qh7 h4 22. Qh5+ Kf8 23. Rfe1 b6 24. Rd2 Qf7 25. Qxf7+ Kxf7 26. Rd7+ Re7 27. Red1 Ke8 28. Rxe7+ Kxe7 29. a5 c5 30. b4 e4 31. bxc5 bxc5 32. c4 Bd4 33. Rb1 Kd6 34. Rb7 a6 35. Rb6+ Ke5 36. Rxa6 Bc3 37. Rxe6+ Kxe6 38. a6 1-0

[Event "*** Titled Tuesday Blitz"]
[Site "Chess.com"]
[Date "2020.03.03"]
[Round "2"]
[White "Touching3200"]
[Black "Roman_Ovetchkin"]
[Result "1-0"]
[WhiteElo "2345"]
[BlackElo "2642"]
[TimeControl "180+1"]
[EndTime "9:17:51 PST"]
[Termination "Touching3200 won by resignation"]

1. e4 c6 2. d4 d5 3. e5 Bf5 4. Nf3 e6 5. Be2 Nd7 6. Be3 Bg6 7. Nbd2 Ne7 8. Nh4 Nf5 9. Nxf5 Bxf5 10. O-O Be7 11. f4 Bg6 12. Bd3 c5 13. Nf3 cxd4 14. Nxd4 Bxd3 15. cxd3 O-O 16. a3 Bc5 17. b4 Bb6 18.
Qe2 Rc8 19. Nb5 Rc6 20. Rac1 Qb8 21. Nd6 Bc7 22. Rxc6 bxc6 23. Bc5 Nxc5 24. bxc5 Qb3 25. f5 Qc3 26. fxe6 Qxc5+ 27. d4 Qxd4+ 28. Kh1 Qh4 29. exf7+ Kh8 30. Nf5 Qg5 31. h4 Qd8 32. e6 1-0